AoeStats
← QQMORE

Arabia

510686475Analyzed
2v2 RM · 14h ago on Oct 2, 2026· 51m 3s· 4 players
Game mode
Random Map
Map size
Medium (4 player)
Population
200
Speed
Normal
Resources
Standard
Victory
Conquest
Starting age
Dark Age
Ending age
Imperial Age
RankedLock teamsTeams togetherTeam positionsShared explorationLock speedFull tech treeHidden civsTurbo modeCheats
Victory
Defeat
🇦🇷 Maya · Argentina
916
+16
🇦🇷 Franks · Argentina
849
+19
🇨🇱 Turks · Chile
960
-20
🇲🇽 Spanish · Mexico
858
-15
El Pepe
0:27 Loom
9:50 Feudal Age
10:38 Double-Bit Axe
10:47 Town Watch
13:08 Horse Collar
17:42 Fletching
18:33 Padded Archer Armor
21:30 Wheelbarrow
23:16 Castle Age
21:52 Gold Mining
24:03 Squires
23:24 Eagle Warrior
23:32 Crossbowman
24:13 Scale Mail Armor
25:55 Wheelbarrow
25:59 Bodkin Arrow
30:46 Scale Mail Armor
32:26 Chain Mail Armor
36:05 Stone Mining
37:09 Ballistics
43:48 Imperial Age
43:55 Imperial Age
43:13 Pikeman
44:05 Forging
43:53 Bodkin Arrow
43:58 Arbalester
44:49 Forging
46:09 Thumb Ring
46:05 Bracer
49:27 Chemistry
Mini Pepe
10:38 Feudal Age
11:53 Double-Bit Axe
25:13 Castle Age
23:00 Loom
23:14 Gold Mining
25:37 Scale Barding Armor
26:16 Bow Saw
37:49 Chain Barding Armor
42:32 Imperial Age
40:43 Forging
42:19 Husbandry
47:52 Plate Barding Armor
47:54 Iron Casting
47:11 Cavalier
QQMORE
5:03 Loom
11:39 Feudal Age
12:40 Horse Collar
12:47 Double-Bit Axe
22:34 Castle Age
24:45 Wheelbarrow
25:10 Bow Saw
26:34 Heavy Plow
27:09 Fletching
29:14 Stone Mining
29:25 Town Watch
29:38 Bodkin Arrow
32:38 Padded Archer Armor
35:51 Imperial Age
35:36 Gold Mining
36:28 Bloodlines
36:19 Husbandry
36:54 Scale Barding Armor
40:09 Forging
41:12 Hand Cart
41:36 Leather Archer Armor
41:55 Conscription
42:18 Heavy Camel Rider
44:36 Chain Barding Armor
44:51 Iron Casting
45:55 Ballistics
47:43 Two-Man Saw
47:42 Artillery
Trukson
5:12 Loom
10:46 Feudal Age
22:18 Castle Age
20:39 Bloodlines
24:15 Forging
24:11 Scale Barding Armor
33:44 Iron Casting
46:27 Imperial Age
45:49 Chain Barding Armor
47:02 Cavalier
51:57 Blast Furnace
51:33 Plate Barding Armor
50:45 Horse Collar
Connection lost

Rejoining the realm…

Still unreachable

The connection could not be restored.

Session expired

The server has moved on; the page needs a fresh start.